 Dungeon Crawl Stone Soup version 0.28-a0-1348-g050f3537b9 (webtiles) character file.

Game seed: 13655454343522565845

84490 Deminshera the Severer (level 15, -2/126 HPs)
             Began as a Hill Orc Abyssal Knight on Dec 30, 2021.
             Was the Champion of Lugonu.
             Blown up by a great orb of eyes (25 damage)
             ... with a mindburst bolt
             ... on level 15 of the Dungeon.
             The game lasted 00:55:47 (39159 turns).

Deminshera the Severer (Hill Orc Abyssal Knight)   Turns: 39159, Time: 00:55:48

Health: -2/126     AC: 39    Str: 24    XL:     15   Next: 80%
Magic:  19/19      EV: 17    Int: 20    God:    Lugonu [******]
Gold:   1139       SH:  5    Dex: 19    Spells: 14/14 levels left

rFire   + . .      SeeInvis .   f - +9 executioner's axe (freeze)
rCold   . . .      Faith    .   (shield currently unavailable)
rNeg    . . .      Spirit   .   E - +11 crystal plate armour of Bad Feelings {rF+}
rPois   .          Reflect  +   s - +2 hat of Distant Worlds {MP-9 Int+6 Dex+8 Stlth+}
rElec   .          Harm     .   D - +2 cloak
rCorr   .          Rampage  .   j - +0 pair of gloves
Will    +....                   L - +0 pair of boots
Stlth   ..........              p - amulet of reflection
HPRegen 0.31/turn               V - ring of the Hare {EV+8}
MPRegen 0.16/turn               K - ring of Olufomawo {Int+4 Slay+4}

@: no status effects
A: no striking features
a: Renounce Religion, Depart the Abyss, Bend Space, Banish, Corrupt, Enter the
Abyss, Brand Weapon With Distortion


You were on level 15 of the Dungeon.
You worshipped Lugonu.
Lugonu was exalted by your worship.
You visited 3 branches of the dungeon, and saw 22 of its levels.
You visited the Abyss 1 time.
You also visited: Gauntlet and Ice Cave.

You collected 1585 gold pieces.
You spent 446 gold pieces at shops.

Inventory:

Hand Weapons
 f - a +9 executioner's axe of freezing (weapon)
 w - a +0 broad axe
 W - the +1 battleaxe "Ceg Opo" {vamp, Dex+2}
   (You took it off a minotaur in a Gauntlet)

   It occasionally heals its wielder for a portion of the damage dealt when it
   wounds a living foe.
   Dex:       It affects your dexterity (+2).
Missiles
 n - 47 poisoned darts (quivered)
 z - 2 throwing nets
Armour
 i - +0 ice dragon scales
 j - a +0 pair of gloves (worn)
 s - the +2 hat of Distant Worlds (worn) {MP-9 Int+6 Dex+8 Stlth+}
   (You found it on level 14 of the Dungeon)

   Int:       It affects your intelligence (+6).
   Dex:       It affects your dexterity (+8).
   MP:        It affects your magic capacity (-9).
   Stlth:     It makes you more stealthy.
 D - a +2 cloak (worn)
 E - the +11 crystal plate armour of Bad Feelings (worn) {rF+}
   (You acquired it in an ice cave)

   rF:        It protects you from fire.
 L - a +0 pair of boots (worn)
 T - a +2 tower shield of cold resistance
Jewellery
 e - a ring of willpower
 k - the amulet "Burghag" {RegenMP Fly rElec Dex+3}
   (You found it on level 2 of the Dungeon)

   [amulet of magic regeneration]

   It increases your rate of magic regeneration.
   Dex:       It affects your dexterity (+3).
   rElec:     It insulates you from electricity.
   Fly:       It grants you flight.
 p - an amulet of reflection (around neck)
 x - a ring of see invisible
 G - a ring of protection from fire
 K - the ring of Olufomawo (right hand) {Int+4 Slay+4}
   (You bought it in a shop on level 8 of the Dungeon)

   [ring of slaying]

   Int:       It affects your intelligence (+4).
   Slay:      It affects your accuracy & damage with ranged weapons and melee
   (+4).
 R - a ring of willpower
 V - the ring of the Hare (left hand) {EV+8}
   (You took it off a minotaur in a Gauntlet)

   [ring of evasion]

   EV:        It affects your evasion (+8).
Wands
 c - a wand of mindburst (9)
 d - a wand of charming (6)
 m - a wand of acid (11)
 Q - a wand of iceblast (4)
Scrolls
 b - a scroll of magic mapping
 g - 5 scrolls of enchant armour
 h - a scroll of holy word
 l - 2 scrolls of fear
 r - 2 scrolls of summoning
 v - 5 scrolls of teleportation
 y - a scroll of amnesia
 C - 6 scrolls of immolation
 J - 3 scrolls of identify
Potions
 a - 4 potions of might
 o - 2 potions of haste
 q - a potion of flight
 t - 2 potions of brilliance
 u - 6 potions of curing
 A - 2 potions of resistance
 H - 4 potions of invisibility
 P - 2 potions of magic


   Skills:
 - Level 10.0 Fighting
 - Level 20.0 Axes
 - Level 5.0 Throwing
 - Level 10.0 Armour
 - Level 10.0 Dodging
 - Level 4.0 Shields
 + Level 19.2 Invocations


You had 14 spell levels left.
You didn't know any spells.
Your spell library contained the following spells:

 Spells                   Type           Power      Damage    Failure   Level
 Animate Skeleton         Necr           0%         N/A       100%        1
 Apportation              Tloc           0%         N/A       100%        1
 Foxfire                  Conj/Fire      0%         2x1d4     100%        1
 Sting                    Tmut/Pois      0%         1d3       100%        1
 Summon Small Mammal      Summ           0%         N/A       100%        1
 Ensorcelled Hibernation  Hex/Ice        0%         N/A       100%        2
 Poisonous Vapours        Pois/Air       0%         N/A       100%        2
 Call Canine Familiar     Summ           0%         N/A       100%        3
 Confusing Touch          Hex            0%         N/A       100%        3
 Conjure Flame            Conj/Fire      0%         6-21      100%        3
 Dazzling Flash           Conj/Hex       0%         N/A       100%        3
 Frozen Ramparts          Ice            0%         1d2       100%        3
 Inner Flame              Hex/Fire       0%         N/A       100%        3
 Ozocubu's Armour         Ice            0%         N/A       100%        3
 Portal Projectile        Hex/Tloc       0%         N/A       100%        3
 Spider Form              Tmut/Pois      0%         N/A       100%        3
 Tukima's Dance           Hex            0%         N/A       100%        3
 Flame Wave               Conj/Fire      0%         2d4       100%        4
 Ice Form                 Ice/Tmut       0%         N/A       100%        4
 Iskenderun's Mystic Bla  Conj/Tloc      0%         2d3       100%        4
 Leda's Liquefaction      Hex/Erth       0%         N/A       100%        4
 Olgreb's Toxic Radiance  Pois           0%         N/A       100%        4
 Passage of Golubria      Tloc           0%         N/A       100%        4
 Summon Ice Beast         Ice/Summ       0%         N/A       100%        4
 Silence                  Hex/Air        0%         N/A       100%        5
 Dispersal                Tloc           0%         N/A       100%        6
 Starburst                Conj/Fire      0%         6d3       100%        6
 Enfeeble                 Hex            0%         N/A       100%        7
 Disjunction              Tloc           0%         N/A       100%        8
 Lehudib's Crystal Spear  Conj/Erth      0%         10d2      100%        8


Dungeon Overview and Level Annotations

Branches:
Dungeon (15/15)            Temple (1/1) D:6            Lair (6/6) D:10
 Shoals (0/4) Lair:3       Spider (0/4) Lair:4        Slime (0/5) Lair:6
    Orc (0/2) D:10         Vaults (0/5) D:14          IceCv (visited)
Gauntlet (visited)
 Depths: D:15

Altars:
Ashenzari
Dithmenos
Fedhas
Kikubaaqudgha
Makhleb
Trog
Uskayaw
Vehumet
Wu Jian
Xom
Jiyva

Shops:
D:2 !   D:4 *   D:8 *

Annotations:
D:11 2 transporters, LadyOphelia's ghost, novice DrBe


Message History

Done waiting.
You climb downwards.
The great orb of eyes gazes at you.
Your mind is blasted!
The rakshasa gestures at you.
The lance of force hits you but does no damage.
There is a stone staircase leading up here.
You slice the rakshasa!! You freeze the rakshasa!
The rakshasa is heavily wounded.
The injured rakshasa weaves a defensive illusion!
The rakshasa hits you but does no damage.
You slash the rakshasa! You freeze the rakshasa.
You kill the rakshasa!
The rakshasa shimmers and vanishes!
You barely miss the rakshasa. You slice the rakshasa!! You freeze the rakshasa.
You kill the rakshasa!
The rakshasa shimmers and vanishes!
The rakshasa weaves an illusion.
The rakshasa shimmers and seems to become two!
You slash the rakshasa! You freeze the rakshasa.
The rakshasa is severely wounded.
You hit the great orb of eyes. You freeze the great orb of eyes.
The great orb of eyes barely misses you.
The rakshasa blinks!
The rakshasa misses you.
You hit the rakshasa but do no damage.
The rakshasa is severely wounded.
You slice the great orb of eyes!! You freeze the great orb of eyes!
The great orb of eyes gazes at you.
Your mind is blasted!
The rakshasa hits you but does no damage.
The rakshasa blinks!
You are too injured to fight recklessly!
You are too injured to fight recklessly!
The great orb of eyes gazes at you.
Your mind is blasted!
* * * LOW HITPOINT WARNING * * *
You block the rakshasa's attack. The great orb of eyes gazes at you.
Your mind is blasted!
You die...

††............
.............. ...###+
.........#### .......
.........# .......
.........# .....#
.#####...# .....+
##...#...# ....$#
.....#...########.....#
.....#........§.@.....#
.....#..........<.....#
.....'.......R.G......#
######..........R....$#
............§..R........
#.......................
#.####..................
###R.##.................
.#....##..##########....


You could see a great orb of eyes and 3 rakshasas.

Vanquished Creatures
  A minotaur (Gauntlet)
  A dire elephant (Lair:6)
  An ice dragon (D:14)
  Erolcha (D:12)
  5 hydras
  A catoblepas (Lair:6)
  A centaur warrior (D:13)
  A death knight (D:12)
  A boulder beetle (Lair:5)
  4 two-headed ogres
  A deep troll shaman (Lair:6)
  3 tengu warriors
  4 death yaks
  Urug (D:12)
  2 skeletal warriors (D:12)
  A deep troll (D:12)
  2 fire crabs (Gauntlet)
  An iron troll (D:12)
  A lindwurm (Lair:2)
  A phantasmal warrior (D:12)
  A bog body (IceCv)
  2 necromancers
  16 ugly things
  3 manticores
  4 cyclopes
  20 elephants
  2 black mambas
  A gargoyle (D:12)
  2 ice statues (IceCv)
  11 cane toads
  An unseen horror (D:10)
  A kobold demonologist (D:13)
  6 komodo dragons
  A rime drake (Lair:3)
  An entropy weaver simulacrum (IceCv)
  4 tengu conjurers
  2 anaconda simulacra (IceCv)
  4 ice devils (IceCv)
  A freezing wraith (D:12)
  12 trolls
  9 polar bears
  A wind drake (Lair:3)
  3 hornets
  6 dream sheep (Lair:6)
  12 blink frogs
  16 slime creatures
  A centaur simulacrum (D:12)
  2 shadows
  3 wraiths
  3 wyverns
  7 fire bats (Gauntlet)
  34 yaks
  4 basilisks
  2 water elementals (D:12)
  4 dire elephant simulacra (IceCv)
  8 vampire mosquitoes
  3 harpy simulacra (IceCv)
  4 acid dragons
  14 water moccasins
  3 hell hounds (Gauntlet)
  5 orc warriors
  3 black bears
  3 ogres
  7 wolves
  3 centaurs
  A phantom (D:5)
  11 bullfrogs
  3 kobold brigands
  A scorpion (D:7)
  23 killer bees
  An elephant simulacrum (IceCv)
  2 howler monkeys
  5 electric eels
  6 centaur zombies
  A bullfrog zombie (D:6)
  2 hounds
  A bullfrog skeleton (D:5)
  A gnoll shaman (D:6)
  8 orc priests
  A jelly (D:8)
  2 centaur skeletons
  2 iguanas
  Crazy Yiuf (D:6)
  25 orc wizards
  3 hell rats (D:10)
  A spriggan simulacrum (IceCv)
  A killer bee zombie (D:8)
  A wolf simulacrum (IceCv)
  A polar bear simulacrum (IceCv)
  A hound skeleton (D:4)
  Robin (D:4)
  5 gnolls
  5 adders
  A howler monkey skeleton (D:5)
  A river rat (D:10)
  17 white imps
  An ufetubus (D:7)
  4 worms (Lair:4)
  2 dart slugs
  57 orcs
  7 ball pythons
  3 bats
  5 giant cockroaches
  7 hobgoblins
  8 quokkas
  3 frilled lizards
  11 goblins
  16 kobolds
  6 rats
554 creatures vanquished.

Vanquished Creatures (others)
  Maurice (D:11)
  30 fungi
  31 plants
62 creatures vanquished.

Grand Total: 616 creatures vanquished

Notes
Turn   | Place    | Note
-------+----------+-------------------------------------------
     0 | Abyss:1  | Deminshera the Hill Orc Abyssal Knight began the quest for
                  | the Orb.
     0 | Abyss:1  | Reached XP level 1. HP: 19/19 MP: 2/2
     9 | D:1      | Escaped the Abyss
   109 | D:1      | Reached skill level 3 in Axes
   532 | D:1      | Reached XP level 2. HP: 27/27 MP: 3/3
  1213 | D:1      | Reached ** piety under Lugonu
  1218 | D:1      | Reached skill level 4 in Axes
  1218 | D:1      | Reached XP level 3. HP: 4/33 MP: 4/4
  1519 | D:2      | Identified the amulet "Burghag" {RegenMP Fly rElec Dex+3}
  1540 | D:2      | Noticed an ogre
  2035 | D:2      | Killed an ogre
  2036 | D:2      | Reached skill level 5 in Axes
  2036 | D:2      | Reached XP level 4. HP: 33/41 MP: 5/5
  2498 | D:2      | Reached XP level 5. HP: 47/47 MP: 6/6
  2663 | D:2      | Found Nughoh's Distillery.
  3280 | D:3      | Reached skill level 6 in Axes
  3282 | D:3      | Reached skill level 5 in Fighting
  3527 | D:3      | Found a shadowy altar of Dithmenos.
  4056 | D:2      | Bought a potion of heal wounds for 70 gold pieces
  4083 | D:4      | Noticed Robin
  4106 | D:4      | Killed Robin
  4107 | D:4      | Reached XP level 6. HP: 46/56 MP: 7/7
  4302 | D:4      | Reached skill level 7 in Axes
  4953 | D:4      | Found Detacaw's CLEARANCE SALE!.
  5062 | D:5      | Entered Level 5 of the Dungeon
  5069 | D:5      | Reached skill level 8 in Axes
  5069 | D:5      | Reached skill level 1 in Throwing
  5069 | D:5      | Reached XP level 7. HP: 24/63 MP: 8/8
  5411 | D:5      | Reached *** piety under Lugonu
  6860 | D:5      | Reached XP level 8. HP: 63/70 MP: 9/9
  7059 | D:6      | Reached skill level 5 in Throwing
  8040 | D:6      | Found a staircase to the Ecumenical Temple.
  8075 | Temple   | Entered the Ecumenical Temple
  8259 | D:6      | Reached skill level 9 in Axes
  8638 | D:6      | Found a runed translucent door.
  8639 | D:6      | Noticed Crazy Yiuf
  8646 | D:6      | Killed Crazy Yiuf
  8651 | D:6      | Identified the +4 mace "Ikhly" {vorpal, rN++ Str+4 Dex-4
                  | SInv}
  8826 | D:6      | Found an ornate altar of the Wu Jian Council.
  9126 | D:6      | Found a radiant altar of Vehumet.
  9523 | D:6      | Reached skill level 1 in Shields
  9848 | D:7      | Reached XP level 9. HP: 75/81 MP: 10/10
  9920 | D:7      | Found a broken altar of Ashenzari.
  9996 | D:7      | Noticed a two-headed ogre
  9999 | D:7      | Banished a two-headed ogre
 10000 | D:7      | Reached skill level 10 in Axes
 12546 | D:4      | Bought a scroll of vulnerability for 30 gold pieces
 12598 | D:2      | Bought a potion of flight for 42 gold pieces
 12598 | D:2      | Bought a potion of heal wounds for 70 gold pieces
 12598 | D:2      | Bought a potion of invisibility for 112 gold pieces
 12598 | D:2      | Bought a potion of curing for 42 gold pieces
 12886 | D:8      | Reached XP level 10. HP: 79/88 MP: 17/17
 13044 | D:8      | Reached skill level 10 in Invocations
 14245 | D:8      | Found a blossoming altar of Fedhas.
 14517 | D:8      | Found Pedimuss's Assorted Antiques.
 14522 | D:8      | Bought a warped platinum ring for 80 gold pieces
 14522 | D:8      | Identified the ring of Olufomawo {Int+4 Slay+4} (You bought
                  | it in a shop on level 8 of the Dungeon)
 14722 | D:8      | Found a burning altar of Makhleb.
 15181 | D:9      | Reached skill level 11 in Axes
 15316 | D:9      | Noticed a two-headed ogre
 15318 | D:9      | Banished a two-headed ogre
 16081 | D:10     | Entered Level 10 of the Dungeon
 16540 | D:9      | Reached skill level 12 in Axes
 17065 | D:10     | Noticed a death yak
 17065 | D:10     | Noticed a death yak
 17184 | D:9      | Banished a death yak
 17388 | D:10     | Noticed a death yak
 17394 | D:9      | Banished a death yak
 17395 | D:9      | Reached skill level 13 in Axes
 17395 | D:9      | Reached XP level 11. HP: 80/99 MP: 9/19
 17431 | D:9      | Killed a death yak
 17686 | D:10     | Found a staircase to the Lair.
 17856 | D:10     | Noticed a two-headed ogre
 17895 | D:9      | Banished a two-headed ogre
 17896 | D:9      | Reached skill level 10 in Fighting
 18750 | D:10     | Noticed a two-headed ogre
 18769 | D:10     | Killed a two-headed ogre
 18770 | D:10     | Reached skill level 14 in Axes
 20512 | D:10     | Found a staircase to the Orcish Mines.
 20791 | D:10     | Noticed a two-headed ogre
 21083 | D:10     | Killed a two-headed ogre
 21575 | D:10     | Found a hide-covered altar of Uskayaw.
 22110 | D:11     | Noticed a boulder beetle
 22112 | D:11     | Banished a boulder beetle
 22191 | D:11     | Noticed a tengu warrior
 22197 | D:11     | Found a transporter.
 22216 | D:11     | Noticed a two-headed ogre
 22234 | D:11     | Noticed LadyOphelia's ghost (novice DrBe)
 22294 | D:11     | Noticed a moth of wrath
 22362 | D:11     | Found a bloodstained altar of Trog.
 22373 | D:11     | Found a transporter.
 23226 | D:11     | Noticed Maurice
 23261 | D:11     | Killed Maurice
 23262 | D:11     | Reached skill level 15 in Invocations
 23443 | D:12     | Reached skill level 1 in Dodging
 23455 | D:12     | Noticed a two-headed ogre
 23478 | D:12     | Killed a two-headed ogre
 23479 | D:12     | Reached XP level 12. HP: 69/106 MP: 23/23
 23656 | D:12     | Found a shimmering altar of Xom.
 24160 | Lair:1   | Entered Level 1 of the Lair of Beasts
 24798 | Lair:1   | Reached skill level 5 in Armour
 25560 | Lair:2   | Identified a scroll of acquirement
 25560 | Lair:2   | Acquired a +4 executioner's axe of freezing
 25634 | Lair:2   | Noticed a five-headed hydra
 25845 | Lair:2   | Banished a five-headed hydra
 25962 | Lair:2   | Reached skill level 15 in Axes
 25965 | Lair:2   | Found a frozen archway.
 25988 | IceCv    | Entered an ice cave
 26532 | IceCv    | Acquired the +11 crystal plate armour of Bad Feelings {rF+}
 26911 | IceCv    | Reached skill level 16 in Axes
 27555 | IceCv    | Reached skill level 17 in Axes
 28349 | Lair:2   | Noticed an eight-headed hydra
 28351 | Lair:2   | Banished an eight-headed hydra
 28352 | Lair:2   | Reached XP level 13. HP: 110/113 MP: 19/24
 28935 | Lair:3   | Reached **** piety under Lugonu
 28977 | Lair:3   | Reached skill level 18 in Axes
 29055 | Lair:3   | Found a staircase to the Shoals.
 29122 | Lair:3   | Found a gate leading to a gauntlet.
 29129 | Gauntlet | Entered a Gauntlet
 29129 | Gauntlet | Found a transporter.
 29321 | Gauntlet | Found a transporter.
 29325 | Gauntlet | Got Wotouwn's Papyrus of Icy Beguiling
 29358 | Gauntlet | Found a transporter.
 29369 | Gauntlet | Found a transporter.
 29393 | Gauntlet | Found a transporter.
 29394 | Gauntlet | Found a transporter.
 29395 | Gauntlet | Found a transporter.
 29418 | Gauntlet | Identified the +8 spear "Ruakifec" {antimagic, rC+ Str+3}
 29526 | Gauntlet | Found a runed translucent gate.
 29526 | Gauntlet | Found a runed translucent gate.
 29526 | Gauntlet | Found a runed translucent gate.
 29542 | Gauntlet | Found a transporter.
 29545 | Gauntlet | Found the amulet of the Air {Inacc Air Fly rElec RMsl}
 29548 | Gauntlet | Found a transporter.
 29548 | Gauntlet | Found a transporter.
 29557 | Gauntlet | Reached skill level 10 in Armour
 29670 | Gauntlet | Identified the +1 battleaxe "Ceg Opo" {vamp, Dex+2}
 29670 | Gauntlet | Noticed a minotaur
 29685 | Gauntlet | Killed a minotaur
 30286 | Lair:3   | Reached skill level 5 in Dodging
 30605 | Lair:4   | Found a hole to the Spider Nest.
 31389 | Lair:5   | Reached XP level 14. HP: 111/121 MP: 25/25
 31885 | Lair:5   | Reached ***** piety under Lugonu
 32346 | Lair:6   | Entered Level 6 of the Lair of Beasts
 32596 | Lair:6   | Found a runed translucent door.
 32596 | Lair:6   | Found a viscous altar of Jiyva.
 32596 | Lair:6   | Noticed an azure jelly
 32597 | Lair:6   | Found a staircase to the Slime Pits.
 32597 | Lair:6   | Noticed an azure jelly
 32607 | Lair:6   | Banished an azure jelly
 32608 | Lair:6   | Banished an azure jelly
 33063 | Lair:6   | Reached skill level 10 in Dodging
 33728 | Lair:6   | Noticed a dire elephant
 33734 | Lair:6   | Killed a dire elephant
 33735 | Lair:6   | Reached skill level 19 in Axes
 34169 | D:12     | Noticed Erolcha
 34327 | D:12     | Killed Erolcha
 34499 | D:12     | Reached XP level 15. HP: 126/126 MP: 26/26
 34520 | D:12     | You fall into a shaft and drop 2 floors!
 34570 | D:14     | Reached skill level 20 in Axes
 34858 | D:14     | Found a gate to the Vaults.
 35355 | D:14     | Found an ancient bone altar of Kikubaaqudgha.
 35366 | D:14     | Identified the +2 hat of Distant Worlds {MP-9 Int+6 Dex+8
                  | Stlth+}
 37019 | D:12     | Reached ****** piety under Lugonu
 37561 | D:12     | Noticed Urug
 37567 | D:12     | Killed Urug
 38408 | D:15     | Entered Level 15 of the Dungeon
 39159 | D:15     | Blown up by a great orb of eyes

Illustrated notes

Levels and vault maps discovered:
D:1:      lemuel_arrival_rhombus, layout_basic, solitary_fountain
D:2:      layout_rooms, serial_shops, shop_statue, minmay_pentomino_u2
D:3:      layout_basic, mainiacjoe_overflow_paths
D:4:      layout_loops_ring, nicolae_shop_clearance, uniq_robin
D:5:      layout_basic, small_statue_alley_b, minmay_misc_feat_square,
          amcnicky_mini_corridor_feature, corexii_shack
D:6:      layout_rooms, amcnicky_altar_gilded, nicolae_vehumet_radiance,
          minmay_temple_entry_statues_fountains, uniq_crazy_yiuf_cottage
D:7:      layout_gridville, mainiacjoe_overflow_catwalk, eino_jars
D:8:      layout_basic, fedhas_altar_fruit_tree, nicolae_overflow_crystal_walls,
          serial_shops, shop, minmay_holes, grunt_decor_mini_mirrors,
          moated_statue, st_stairs_10, kennysheep_generic_room_7
D:9:      layout_basic, serial_glass, glass_columns_b, glass_columns_c
D:10:     layout_layer_cave, nicolae_overflow_hidden_temple, dpeg_lair_monsters,
          hiddenorc2_lemuel, serial_rivers, chequers_serial_rivers_large_b,
          chequers_serial_rivers_small_3, chequers_serial_rivers_micro_b,
          chequers_serial_rivers_room_a, chequers_serial_rivers_micro_b
D:11:     layout_cave_pods, gammafunk_ghost_wrathful_warriors, uniq_maurice
D:12:     lemuel_troll_bridge, layout_irregular_city, hangedman_weighted_door,
          xom_teletrap_fun, uniq_erolcha, uniq_urug
D:13:     layout_rooms
D:14:     layout_roguey, david_vaults_1, minivault_24, kiku_gazebo_garden_becter
D:15:     gammafunk_enter_depths_forms, layout_irregular_city,
          evilmike_ruin_ashenzari, minmay_statue_bubble
Temple:   regret_index_temple_waves
Lair:1:   layout_chaotic_city, disabler_island
Lair:2:   layout_regular_city, portal_ice_cave_entry_imps, serial_bayou_shore_b,
          infiniplex_staircase_pool_2
Lair:3:   layout_misc_corridors, minmay_shoals_entry_beasts,
          gauntlet_entry_generic, lemuel_fruit_fields
Lair:4:   layout_cave_pods, nicolae_spider_entry_non_spiders,
          grunt_megastairs_4, lemuel_fruit_tree
Lair:5:   layout_roguey, serial_bayou_shore_a, serial_bayou_shore_b,
          grunt_megastairs_2
Lair:6:   grunt_lair_end_beastmaster, layout_cave_pods, slime_altar_2,
          st_stairs_3, cheibrodos_lair_lostbears

Skill      XL: |  1  2  3  4  5  6  7  8  9 10 11 12 13 14 15 |
---------------+----------------------------------------------+-----
Axes           | 3 4 5 6 8 9 10 13 14 17 18 19 20 | 20.0
Fighting       | 4 5 6 7 8 9 10 | 10.0
Throwing       | 1 4 5 |  5.0
Shields        | 2 4 |  4.0
Invocations    | 9 11 15 19 | 19.2
Dodging        | 1 3 6 10 | 10.0
Armour         | 3 6 10 | 10.0

Action                   |  1- 3 |  4- 6 |  7- 9 | 10-12 | 13-15 || total
-------------------------+-------+-------+-------+-------+-------++-------
Melee: Hand axe          |    89 |     3 |    30 |       |       ||   122
       Dagger            |       |   158 |   224 |   344 |       ||   726
       Mace              |       |       |   112 |   132 |       ||   244
       Executioner's axe |       |       |       |   134 |   605 ||   739
       Battleaxe         |       |       |       |       |    11 ||    11
Throw: Dart              |     9 |       |    11 |    73 |       ||    93
       Throwing net      |       |       |     2 |     2 |       ||     4
Invok: Bend Space        |       |       |     1 |     2 |       ||     3
       Banish            |       |       |     1 |    14 |     5 ||    20
  Use: Potion            |     2 |       |     2 |     4 |       ||     8
       Scroll            |       |       |     6 |    12 |     9 ||    27
Armor: Ring mail         |    38 |    47 |   170 |       |       ||   255
       Leather armour    |     1 |       |       |       |       ||     1
       Animal skin       |       |       |    17 |   121 |       ||   138
       Plate armour      |       |       |       |   135 |       ||   135
       Crystal plate arm |       |       |       |    62 |   508 ||   570
Dodge: Dodged            |    70 |    82 |   235 |   213 |   377 ||   977
Block: Buckler           |       |       |    67 |   264 |       ||   331
       Reflection        |       |       |     1 |     6 |     1 ||     8
       Other             |       |       |       |    15 |   140 ||   155

Table legend: (Time is in decaauts)
 A = Elapsed time spent in this place.
 B = Non-inter-level travel time spent in this place.
 C = Inter-level travel time spent in this place.
 D = Time resting spent in this place.
 E = Time spent auto-exploring this place.
 F = Levels seen in this place.
 G = Mean time per level.
                   A        B        C        D        E       F      G
               +--------+--------+--------+--------+--------+-----+--------+
         Total |  39246 |  37750 |   1496 |  17599 |  14937 |  25 | 1569.8 |
       Dungeon |  29204 |  28080 |   1124 |  14234 |  10357 |  15 | 1946.9 |
        Temple |     38 |     38 |      0 |      0 |      0 |   1 |   38.0 |
          Lair |   7081 |   6709 |    372 |   1467 |   4180 |   6 | 1180.2 |
         Abyss |      9 |      9 |      0 |      0 |      2 |   1 |    9.0 |
      Ice Cave |   2055 |   2055 |      0 |   1372 |    368 |   1 | 2055.0 |
      Gauntlet |    857 |    857 |      0 |    526 |     29 |   1 |  857.0 |
               +--------+--------+--------+--------+--------+-----+--------+

Top non-repeatable levels by time:
     D:9: 3670 daAuts
     D:7: 3472 daAuts
    D:10: 3072 daAuts
     D:5: 2604 daAuts
    D:12: 2414 daAuts
     D:1: 2125 daAuts
   IceCv: 2055 daAuts
    D:11: 1883 daAuts
     D:6: 1834 daAuts
  Lair:1: 1685 daAuts
    D:14: 1677 daAuts
  Lair:6: 1663 daAuts
     D:8: 1522 daAuts
     D:4: 1496 daAuts
     D:3: 1171 daAuts
